 Dungeon Crawl Stone Soup version 0.29-a0-321-gf1c400731a (webtiles) character file.

Game seed: 18304280637762667596

120 Dabor the Grasshopper (level 5, -8/40 HPs)
             Began as a Gnoll Wanderer on Apr 5, 2022.
             Mangled by Terence
             ... wielding a +0 short sword
              (10 damage)
             ... on level 2 of the Dungeon.
             The game lasted 00:03:01 (2070 turns).

Dabor the Grasshopper (Gnoll Wanderer)              Turns: 2070, Time: 00:03:01

Health: -8/40      AC:  2    Str: 15    XL:     5   Next: 4%
Magic:  3/9        EV: 12    Int: 15    God:
Gold:   32         SH:  0    Dex: 12    Spells: 6/10 levels left

rFire   . . .      SeeInvis .   a - +0 dagger
rCold   . . .      Faith    .   (no shield)
rNeg    . . .      Spirit   .   c - +0 robe
rPois   .          Reflect  .   (no helmet)
rElec   .          Harm     .   (no cloak)
rCorr   .          Rampage  .   (no gloves)
Will    .....                   (no boots)
Stlth   ++........              (no amulet)
HPRegen 0.13/turn               o - ring of wizardry
MPRegen 0.11/turn               q - +6 ring of strength

@: no status effects
A: fangs 1, strong nose, distributed training
a: no special abilities


You were on level 2 of the Dungeon.
You visited 1 branch of the dungeon, and saw 2 of its levels.

You collected 32 gold pieces.

Inventory:

Hand Weapons
 a - a +0 dagger (weapon)
Missiles
 n - a poisoned dart
Armour
 c - a +0 robe (worn)
Jewellery
 o - a ring of wizardry (left hand)
 q - a +6 ring of strength (right hand)
Scrolls
 b - a scroll of fog
 e - 3 scrolls of identify {unknown}
 h - a scroll of amnesia {unknown}
 j - a scroll of brand weapon {unknown}
 k - a scroll of fear {unknown}
 l - a scroll of holy word {unknown}
 m - a scroll of magic mapping {unknown}
 p - a scroll of torment {unknown}
 r - a scroll of enchant weapon {unknown}
Potions
 d - 3 potions of curing
 f - a potion of haste {unknown}
 g - a potion of heal wounds {unknown}
 i - a potion of brilliance {unknown}


   Skills:
 + Level 2.8 Fighting
 + Level 1.3 Short Blades
 + Level 1.3 Long Blades
 + Level 1.3 Axes
 + Level 1.3 Maces & Flails
 + Level 1.3 Polearms
 + Level 1.3 Staves
 + Level 1.3 Slings
 + Level 1.3 Bows
 + Level 1.3 Crossbows
 + Level 1.3 Throwing
 + Level 1.3 Armour
 + Level 2.8 Dodging
 + Level 2.6 Stealth
 + Level 1.3 Shields
 + Level 1.3 Unarmed Combat
 + Level 3.1 Spellcasting
 + Level 3.9 Conjurations
 + Level 1.0 Hexes
 + Level 1.0 Summonings
 + Level 1.0 Necromancy
 + Level 5.5 Translocations
 + Level 1.0 Transmutations
 + Level 1.0 Fire Magic
 + Level 1.0 Ice Magic
 + Level 1.0 Air Magic
 + Level 1.0 Earth Magic
 + Level 1.0 Poison Magic
 + Level 1.4 Invocations
 + Level 2.8 Evocations


You had 6 spell levels left.
You knew the following spells:

 Your Spells              Type           Power      Damage    Failure   Level
a - Foxfire               Conj/Fire      36%        2x1d5     2%          1
b - Conjure Flame         Conj/Fire      9%         6-21      9%          3

Your spell library contained the following spells:

 Spells                   Type           Power      Damage    Failure   Level
 Apportation              Tloc           36%        N/A       1%          1
 Blink                    Tloc           36%        N/A       1%          2
 Teleport Other           Tloc           18%        N/A       2%          3


Dungeon Overview and Level Annotations

Branches:
Dungeon (2/15)

Altars:

Annotations:
D:2 Sigmund, Terence


Innate Abilities, Weirdness & Mutations

You have very sharp teeth.
Your uncanny sense of smell can sniff out nearby items.
Your experience applies equally to all skills.


Message History

You hit Terence but do no damage. Your bite misses Terence.
Terence is severely wounded.
The foxfire hits Terence but does no damage.
Terence is severely wounded.
Terence hits you with a +0 short sword.
You conjure some foxfire!
Terence barely misses you.
You hit Terence but do no damage.
Terence is heavily wounded.
The foxfire hits Terence.
Terence is severely wounded.
Terence misses you.
You conjure some foxfire!
Terence misses you.
You hit Terence.
Terence is almost dead.
The foxfire hits Terence but does no damage.
Terence is almost dead.
Terence hits you with a +0 short sword!
You are too injured to fight recklessly!
Casting: Foxfire (safe; 2% risk of failure)
Press: ? - help, Q - select action, (/) - cycle Dir - look around, f - activate You conjure some foxfire!
Terence hits you with a +0 short sword.
* * * LOW HITPOINT WARNING * * *
You hit Terence but do no damage.
Terence is almost dead.
The foxfire hits Terence but does no damage.
Terence is almost dead.
Terence screams, "I'm going to kill you!"
Terence hits you with a +0 short sword!
* * * LOW HITPOINT WARNING * * *
Casting: Foxfire (safe; 2% risk of failure)
Press: ? - help, Q - select action, (/) - cycle Dir - look around, f - activate You conjure some foxfire!
Terence barely misses you.
You hit Terence but do no damage. You bite Terence, but do no damage.
Terence is almost dead.
The foxfire hits Terence but does no damage.
Terence is almost dead.
Terence hits you with a +0 short sword!
You die...

##.#...
#.#.. #.#.#
#.#.##
#....#
#.)..#
#....#
#....#
#########
#....#
#.....$@#
#....#
#.#####@#
#.#.## #.#
#.# #.#.#
#(# #.#
#...# #.#
..# ##..#
#.##########
#..#
#..........#
#.<#
##########.#
#.># #.#


You could see Terence (strong).

Vanquished Creatures
  A black bear (D:2)
  A dart slug (D:1)
  3 ball pythons
  7 endoplasms
  2 giant cockroaches
  2 goblins (D:1)
  A hobgoblin (D:1)
  5 bats
  A frilled lizard (D:1)
  6 rats
29 creatures vanquished.

Vanquished Creatures (collateral kills)
  A foxfire (D:2)
1 creature vanquished.

Vanquished Creatures (others)
  A bat (D:1)
  149 foxfires
  7 fungi (D:2)
  2 plants (D:2)
159 creatures vanquished.

Grand Total: 189 creatures vanquished

Notes
Turn   | Place    | Note
-------+----------+-------------------------------------------
     0 | D:1      | Dabor the Gnoll Wanderer began the quest for the Orb.
     0 | D:1      | Dabor set off with the following items: a +0 dagger, a
                  | scroll of fog, a +0 robe, a potion of curing; and the
                  | following spells available to memorise: Apportation, Blink,
                  | Teleport Other, Foxfire, Conjure Flame
     0 | D:1      | Reached XP level 1. HP: 17/17 MP: 4/4
    21 | D:1      | Learned a level 1 spell: Foxfire
   109 | D:1      | Reached XP level 2. HP: 19/23 MP: 0/5
  1450 | D:2      | Reached XP level 3. HP: 28/28 MP: 7/7
  1468 | D:2      | Noticed Sigmund
  1485 | D:2      | Learned a level 3 spell: Conjure Flame
  1662 | D:2      | Noticed a black bear
  1700 | D:2      | Killed a black bear
  1701 | D:2      | Reached skill level 1 in Short Blades
  1701 | D:2      | Reached skill level 1 in Long Blades
  1701 | D:2      | Reached skill level 1 in Axes
  1701 | D:2      | Reached skill level 1 in Maces & Flails
  1701 | D:2      | Reached skill level 1 in Polearms
  1701 | D:2      | Reached skill level 1 in Staves
  1701 | D:2      | Reached skill level 1 in Slings
  1701 | D:2      | Reached skill level 1 in Bows
  1701 | D:2      | Reached skill level 1 in Crossbows
  1701 | D:2      | Reached skill level 1 in Throwing
  1701 | D:2      | Reached skill level 1 in Armour
  1701 | D:2      | Reached skill level 1 in Shields
  1701 | D:2      | Reached skill level 1 in Unarmed Combat
  1701 | D:2      | Reached skill level 1 in Hexes
  1701 | D:2      | Reached skill level 1 in Summonings
  1701 | D:2      | Reached skill level 1 in Necromancy
  1701 | D:2      | Reached skill level 1 in Transmutations
  1701 | D:2      | Reached skill level 1 in Fire Magic
  1701 | D:2      | Reached skill level 1 in Ice Magic
  1701 | D:2      | Reached skill level 1 in Air Magic
  1701 | D:2      | Reached skill level 1 in Earth Magic
  1701 | D:2      | Reached skill level 1 in Poison Magic
  1701 | D:2      | Reached skill level 1 in Invocations
  1701 | D:2      | Reached XP level 4. HP: 34/34 MP: 1/8
  1824 | D:2      | Reached XP level 5. HP: 40/40 MP: 5/9
  2049 | D:2      | Noticed Terence
  2068 | D:2      | HP: 2/40 [Terence/+0 short sword (10)]
  2070 | D:2      | Mangled by Terence

Illustrated notes

Levels and vault maps discovered:
D:1:      minmay_arrival_shoal_huts, layout_rooms,
          hangedman_decor_diamond_cutter
D:2:      layout_basic, shapermc_ecumenical_altar_hornbeckon, uniq_terence,
          uniq_sigmund

Skill      XL: |  1  2  3 |
---------------+----------+-----
Short Blades   | 1 |  1.3
Long Blades    | 1 |  1.3
Axes           | 1 |  1.3
Maces & Flails | 1 |  1.3
Polearms       | 1 |  1.3
Staves         | 1 |  1.3
Slings         | 1 |  1.3
Bows           | 1 |  1.3
Crossbows      | 1 |  1.3
Throwing       | 1 |  1.3
Armour         | 1 |  1.3
Shields        | 1 |  1.3
Unarmed Combat | 1 |  1.3
Spellcasting   | 3 |  3.1
Hexes          | 1 |  1.0
Summonings     | 1 |  1.0
Necromancy     | 1 |  1.0
Transmutations | 1 |  1.0
Fire Magic     | 1 |  1.0
Ice Magic      | 1 |  1.0
Air Magic      | 1 |  1.0
Earth Magic    | 1 |  1.0
Poison Magic   | 1 |  1.0
Invocations    | 1 |  1.4
Fighting       | |  2.8
Dodging        | |  2.8
Stealth        | |  2.6
Conjurations   | |  3.9
Translocations | |  5.5
Evocations     | |  2.8

Action                   |  1- 3 |  4- 6 || total
-------------------------+-------+-------++-------
Melee: Dagger            |    30 |    25 ||    55
       Bite              |     6 |     3 ||     9
Throw: Dart              |     2 |       ||     2
 Cast: Foxfire           |    70 |    17 ||    87
       Conjure Flame     |     4 |       ||     4
 Stab: Sleeping          |     2 |     1 ||     3
Armor: Robe              |     6 |     6 ||    12
Dodge: Dodged            |    23 |    25 ||    48

Table legend: (Time is in decaauts)
 A = Elapsed time spent in this place.
 B = Non-inter-level travel time spent in this place.
 C = Inter-level travel time spent in this place.
 D = Time resting spent in this place.
 E = Time spent auto-exploring this place.
 F = Levels seen in this place.
 G = Mean time per level.
                   A        B        C        D        E       F      G
               +--------+--------+--------+--------+--------+-----+--------+
         Total |   2070 |   1982 |     88 |     76 |   1555 |   2 | 1035.0 |
       Dungeon |   2070 |   1982 |     88 |     76 |   1555 |   2 | 1035.0 |
               +--------+--------+--------+--------+--------+-----+--------+

Top non-repeatable levels by time:
     D:1: 1518 daAuts
     D:2: 552 daAuts
